 Dungeon Crawl Stone Soup version 0.30-a0-937-ga0a21ad780 (webtiles) character file.

Game seed: 4707848094206726162

63 Strat the Cudgeller (level 4, 0/23 HPs)
             Began as a Gargoyle Reaver on Mar 24, 2023.
             Was a Believer of Hepliaklqana.
             Slain by a phantom (1 damage)
             ... on level 2 of the Dungeon.
             The game lasted 00:02:55 (1589 turns).

Strat the Cudgeller (Gargoyle Reaver)               Turns: 1589, Time: 00:02:56

Health: 0/23       AC:  7    Str: 17    XL:     4   Next: 9%
Magic:  7/7        EV: 11    Int: 14    God:    Hepliaklqana [**....]
Gold:   231        SH:  0    Dex:  8    Spells: 4/7 levels left

rFire   . . .      SeeInvis .    a - +0 mace
rCold   . . .      Faith    .    (no shield)
rNeg    + . .      Spirit   .    b - +0 leather armour
rPois   ∞          Reflect  .    e - +0 helmet
rElec   +          Rampage  .    (no cloak)
rCorr   .                        (no gloves)
Will    .....                    (no boots)
Stlth   +                        (no amulet)
HPRegen 0.23/turn                i - ring of wizardry
MPRegen 0.10/turn                (no ring)

@: immotile, flying
A: reduced essence, sickness immunity, AC +3, negative energy resistance 1,
electricity resistance, torment resistance 1, petrification resistance
a: Renounce Religion, Ancestor Life: Knight, Ancestor Life: Battlemage, Ancestor
Life: Hexer, Recall Ancestor, Ancestor Identity


You were on level 2 of the Dungeon.
You worshipped Hepliaklqana.
Hepliaklqana was pleased with you.
You visited 1 branch of the dungeon, and saw 3 of its levels.

You collected 231 gold pieces.

Inventory:

Hand Weapons
 a - a +0 mace (weapon)
Missiles
 m - 2 poisoned darts
Armour
 b - a +0 leather armour (worn)
 e - a +0 helmet (worn)
Jewellery
 f - a ring of wizardry
 i - a ring of wizardry (left hand)
Wands
 l - a wand of digging (6)
Scrolls
 c - a scroll of vulnerability {unknown}
 g - a scroll of silence {unknown}
 h - a scroll of teleportation {unknown}
 k - 2 scrolls of identify {unknown}


   Skills:
 - Level 2.1 Fighting
 + Level 4.4 Maces & Flails
 - Level 1.5 Dodging
 - Level 2.0 Spellcasting
 + Level 3.9 Conjurations


You had 4 spell levels left.
You knew the following spells:

 Your Spells              Type           Power      Damage    Failure   Level
a - Kiss of Death         Conj/Necr      24%        2d7       5%          1
b - Momentum Strike       Conj/Tloc      12%        3d8       9%          2

Your spell library contained the following spells:

 Spells                   Type           Power      Damage    Failure   Level
 Hailstorm                Conj/Ice       6%         3d4       16%         3


Dungeon Overview and Level Annotations

Branches:
Dungeon (3/15)

Altars:
Hepliaklqana
Qazlal


Innate Abilities, Weirdness & Mutations

Your life essence is reduced to manifest your ancestor. (-10% HP)
You are immune to sickness and miasma.
Your stone body is resilient. (AC +3)
You are immune to poison.
You resist negative energy. (rN+)
You are resistant to electric shocks. (rElec)
You are resistant to unholy torment.
You are immune to petrification.


Message History

Huemac closely misses the phantom.
The phantom attacks as you move away! The phantom hits you.
Huemac hits the phantom.
There is a stone staircase leading up here.
You closely miss the phantom.
The phantom is lightly damaged.
The phantom completely misses you.
You hit the phantom.
The phantom is moderately damaged.
Huemac hits the phantom.
The phantom hits you.
* * * LOW HITPOINT WARNING * * *
The phantom blinks!
You blink.
The phantom hits you.
* * * LOW HITPOINT WARNING * * *
The phantom blinks!
You blink.
Cast which spell? (? or * to list)
Aiming: Momentum Strike (safe; 9% risk of failure)
Press: ? - help, Dir - move target, f - phantom
Aim: a phantom (moderately damaged, ally target, 56% to hit)
The concentrated momentum misses the phantom.
The phantom hits you.
* * * LOW HITPOINT WARNING * * *
Casting: Momentum Strike (safe; 9% risk of failure)
Confirm with . or Enter, or press ? or * to list all spells.
Aiming: Momentum Strike (safe; 9% risk of failure)
Press: ? - help, Dir - move target, f/p - phantom
Aim: a phantom (moderately damaged, ally target, 56% to hit)
The concentrated momentum hits the phantom!
The phantom is almost destroyed.
You are unable to move.
Huemac barely misses the phantom.
The phantom hits you.
* * * LOW HITPOINT WARNING * * *
The phantom blinks!
You blink.
It was a potion of magic.
Magic courses through your body. The phantom hits you.
* * * LOW HITPOINT WARNING * * *
The phantom blinks!
You blink.
It was a potion of flight.
You feel very buoyant.
You fly up into the air.
The phantom hits you.
You die...

#.###.## ..# # #.##.##
#.## ####. #.#.#####
##.###...#
#.#.#...###.#.#.###.
#.##.###...###.## ##
#.##################
#####..#.§..#.#....#....
#<....WR#.§#...#..#.)...
######.@................
........................
#####.#############.####
#. #..... #. #.#### #.
#.# #. #.# #.#


You could see the friendly Huemac the ancestor and a phantom (ally target).

Vanquished Creatures
  An adder (D:2)
  2 endoplasms
  2 giant cockroaches (D:2)
  A goblin (D:2)
  2 hobgoblins (D:2)
  A jackal (D:3)
  A quokka (D:1)
  5 ball pythons
  5 bats
  A frilled lizard (D:3)
  4 kobolds
  4 rats
29 creatures vanquished.

Vanquished Creatures (collateral kills)
  2 adders (D:2)
  A dart slug (D:2)
  An endoplasm (D:2)
  A bat (D:2)
  A kobold (D:2)
6 creatures vanquished.

Grand Total: 35 creatures vanquished

Notes
Turn   | Place    | Note
-------+----------+-------------------------------------------
     0 | D:1      | Strat the Gargoyle Reaver began the quest for the Orb.
     0 | D:1      | Reached XP level 1. HP: 12/12 MP: 3/3
   587 | D:1      | Found a faded altar of an unknown god.
   591 | D:1      | Reached XP level 2. HP: 15/17 MP: 5/5
   596 | D:1      | Prayed at the altar of an unknown god.
   596 | D:1      | Became a worshipper of Hepliaklqana the Forgotten
   596 | D:1      | Reached * piety under Hepliaklqana
   824 | D:2      | Reached skill level 4 in Maces & Flails
   827 | D:2      | Learned a level 2 spell: Momentum Strike
   986 | D:2      | Noticed a phantom
   987 | D:2      | Reached XP level 3. HP: 18/18 MP: 6/6
  1003 | D:3      | Found a stormy altar of Qazlal.
  1188 | D:2      | Reached ** piety under Hepliaklqana
  1486 | D:2      | Reached XP level 4. HP: 23/23 MP: 7/7
  1587 | D:2      | HP: 1/23 [phantom (6)]
  1589 | D:2      | Slain by a phantom

Illustrated notes

Levels and vault maps discovered:
D:1:      lightli_arrival_isolated_outpost, layout_loops_ring,
          ebering_ecumenical_altar_ruins, dk_noncrumbling_2,
          dreamdust_princess_bridge
D:2:      wad_river_or_something, layout_basic, hangedman_abyss_or_decor_stabs,
          minmay_misc_feat_cross, minmay_misc_feat_room
D:3:      minmay_inner_zag, layout_basic, mainiacjoe_overflow_catwalk,
          st_stairs_7

Skill      XL: |  1  2 |
---------------+-------+-----
Maces & Flails | 4 |  4.4
Fighting       | |  2.1
Dodging        | |  1.5
Spellcasting   | |  2.0
Conjurations   | |  3.9

Action                     |  1- 3 |  4- 6 || total
---------------------------+-------+-------++-------
  Melee: Mace              |    92 |    10 ||   102
   Cast: Momentum Strike   |       |     2 ||     2
 Invoke: Recall Ancestor   |     1 |       ||     1
    Use: Potion            |       |     2 ||     2
 Armour: Leather armour    |    46 |     5 ||    51
  Dodge: Dodged            |    76 |     1 ||    77

Table legend: (Time is in decaauts)
 A = Elapsed time spent in this place.
 B = Non-inter-level travel time spent in this place.
 C = Inter-level travel time spent in this place.
 D = Time resting spent in this place.
 E = Time spent auto-exploring this place.
 F = Levels seen in this place.
 G = Mean time per level.
                   A        B        C        D        E       F      G
               +--------+--------+--------+--------+--------+-----+--------+
         Total |   1618 |   1551 |     67 |     70 |   1170 |   3 |  539.3 |
       Dungeon |   1618 |   1551 |     67 |     70 |   1170 |   3 |  539.3 |
               +--------+--------+--------+--------+--------+-----+--------+

Top non-repeatable levels by time:
     D:1: 800 daAuts
     D:2: 630 daAuts
     D:3: 187 daAuts
